AoeStats
← 半點

Arabia

503160992Analyzed
1v1 RM · 11d ago on Aug 30, 2026· 52m 26s· 2 players
Game mode
Random Map
Map size
Tiny (2 player)
Population
200
Speed
Normal
Resources
Standard
Victory
Conquest
Starting age
Dark Age
Ending age
Imperial Age
RankedLock teamsTeams togetherTeam positionsShared explorationLock speedFull tech treeHidden civsTurbo modeCheats
Victory
Defeat
🇹🇼 Khmer · Taiwan
1399
+19
🇬🇧 Cumans · United Kingdom
1460
-19
半點
4:59 Loom
10:25 Feudal Age
14:19 Castle Age
13:08 Double-Bit Axe
16:48 Bloodlines
19:05 Bow Saw
19:16 Horse Collar
21:06 Scale Barding Armor
21:58 Forging
24:27 Wheelbarrow
24:14 Chain Barding Armor
24:37 Husbandry
24:53 Gold Mining
29:47 Iron Casting
31:58 Fletching
32:27 Elite Skirmisher
33:09 Bodkin Arrow
37:24 Ballistics
38:29 Padded Archer Armor
47:24 Imperial Age
47:24 Leather Archer Armor
48:46 Plate Barding Armor
47:39 Cavalier
48:41 Conscription
50:03 Blast Furnace
Pikaflex
7:32 Loom
9:47 Feudal Age
10:19 Double-Bit Axe
10:34 Man-at-Arms
20:59 Castle Age
25:06 Sanctity
26:08 Fervor
25:51 Light Cavalry
26:39 Gold Mining
27:51 Fletching
29:13 Bodkin Arrow
30:22 Padded Archer Armor
31:13 Ballistics
32:08 Thumb Ring
37:58 Light Cavalry
38:48 Bloodlines
45:56 Horse Collar
51:44 Imperial Age
52:20 Murder Holes
Connection lost

Rejoining the realm…

Still unreachable

The connection could not be restored.

Session expired

The server has moved on; the page needs a fresh start.